 Dungeon Crawl Stone Soup version 0.28.0-53-g5a82cb258f (webtiles) character file.

Game seed: 10018966548579953305

46 Kranky the Skirmisher (level 3, -4/27 HPs)
             Began as an Octopode Fighter on June 20, 2022.
             Slain by an adder (5 damage)
             ... on level 2 of the Dungeon.
             The game lasted 00:01:57 (1313 turns).

Kranky the Skirmisher (Octopode Fighter)            Turns: 1313, Time: 00:01:58

Health: -4/27      AC:  1    Str: 15    XL:     3   Next: 68%
Magic:  3/3        EV: 13    Int: 10    God:
Gold:   58         SH:  4    Dex: 13    Spells: 2/2 levels left

rFire   . . .      SeeInvis .   a - +0 flail
rCold   . . .      Faith    .   b - +0 buckler
rNeg    . . .      Spirit   .   (helmet restricted)
rPois   .          Reflect  .   (no amulet)
rElec   .          Harm     .   (no ring)
rCorr   .          Rampage  .   (no ring)
Will    .....                   (no ring)
Stlth   +++.......              (no ring)
HPRegen 0.09/turn               (no ring)
MPRegen 0.08/turn               (no ring)
                                (no ring)
                                (no ring)

@: lethally poisoned (-4 -> -12)
A: almost no armour, amphibious, 8 rings, camouflage 1, gelatinous body 1,
(nimble swimmer 1), tentacles
a: no special abilities


You were on level 2 of the Dungeon.
You visited 1 branch of the dungeon, and saw 2 of its levels.

You collected 58 gold pieces.

Inventory:

Hand Weapons
 a - a +0 flail (weapon)
Missiles
 d - 3 poisoned darts (quivered)
Armour
 b - a +0 buckler (worn)
Scrolls
 h - a scroll of magic mapping {unknown}
 i - a scroll of identify {unknown}
 j - 2 scrolls of fog {unknown}
 k - a scroll of enchant armour {unknown}
Potions
 c - a potion of might
 e - 2 potions of curing {unknown}
 f - 2 potions of cancellation {unknown}
 g - a potion of haste {unknown}


   Skills:
 + Level 3.9 Fighting
 - Level 2.0 Maces & Flails
 - Level 3.0 Dodging
 - Level 3.0 Stealth
 - Level 3.0 Shields


You had 2 spell levels left.
You didn't know any spells.
Your spell library was empty.

Dungeon Overview and Level Annotations

Branches:
Dungeon (2/15)

Altars:

Shops:
D:1 [


Innate Abilities, Weirdness & Mutations

You cannot wear most types of armour.
You are amphibious.
You can wear up to eight rings at the same time.
Your skin changes colour to match your surroundings (Stealth+).
Your rubbery body absorbs attacks. (AC +1, EV +1)
((You are camouflaged when in or above water. (Stealth+)))
You have tentacles for arms and can constrict up to eight enemies at once.


Message History

Your Stealth skill increases to level 3!
No target in view!
Found a scale mail.
An adder comes into view.
Found a faintly glowing war axe.
An adder is nearby!
An adder is nearby!
An adder is nearby!
The adder hisses angrily.
You hear an angry hiss.
An adder comes into view.
You hear a shout!
You barely miss the adder. Your grab misses the adder. The adder bites you.
You are poisoned.
The adder poisons you!
You closely miss the adder. Your grab misses the adder.
You feel sick. The adder bites you.
You are more poisoned.
The adder poisons you! The adder misses you. The adder closely misses you.
An orc comes into view. It is wielding a +0 flail.
You barely miss the adder. Your grab misses the adder.
You feel sick.
The adder closely misses you. x2; The adder misses you.
The adder bites you.
You are more poisoned.
The adder poisons you!
You closely miss the adder. Your grab misses the adder. You squeeze the adder!
The adder is almost dead.
You feel very sick. The adder bites you. The adder closely misses you.
The adder bites you.
* * * LOW HITPOINT WARNING * * *
You are more poisoned.
The adder poisons you! The adder misses you.
* * * LOW HITPOINT WARNING * * *
You feel sick.
You closely miss the adder. Your grab misses the adder.
Your squeeze misses the adder.
The adder is almost dead.
* * * LOW HITPOINT WARNING * * *
You feel very sick. You block the adder's attack.
The adder bites you but does no damage. The adder bites you.
You die...

.....#.....## #..
...........## #####
............ #....
..)......# ###....
.#.....## ..#....
#.......# #......
#.......# ###.... #
#SSo....# ####..... #.
##@....## ......... .#.
#....## ##....... ..
#.##....##..#.....
#.##.##.####......#.#
#.#..#..# ##..####..#
#...##.####...####.## ..
#......##...[....#.# ..#
#......>...........#
...##..................#


You could see 2 adders and an orc.

Vanquished Creatures
  An adder (D:2)
  A dart slug (D:1)
  4 bats
  4 endoplasms
  6 goblins
  5 hobgoblins (D:1)
  2 kobolds (D:1)
  2 quokkas
  3 ball pythons
  3 frilled lizards
  A rat (D:1)
32 creatures vanquished.

Notes
Turn   | Place    | Note
-------+----------+-------------------------------------------
     0 | D:1      | Kranky the Octopode Fighter began the quest for the Orb.
     0 | D:1      | Reached XP level 1. HP: 16/16 MP: 1/1
    33 | D:1      | Reached skill level 1 in Stealth
   241 | D:1      | Reached XP level 2. HP: 12/21 MP: 2/2
   690 | D:1      | Found a faded altar of an unknown god.
   719 | D:1      | Found Feamput's Armour Emporium.
   744 | D:1      | Reached XP level 3. HP: 23/27 MP: 3/3
  1313 | D:2      | HP: 1/27 [poisoned by an adder]
  1313 | D:2      | Slain by an adder

Illustrated notes

Levels and vault maps discovered:
D:1:      ncdulo_wetmaze, layout_rooms, hellmonk_ecumenical_altar_run_dry,
          serial_shops, nicolae_diamond_shop
D:2:      layout_rooms, uniq_terence

Skill      XL: |  1  2  3 |
---------------+----------+-----
Stealth        | 1 2 3 |  3.0
Fighting       | |  3.9
Maces & Flails | |  2.0
Dodging        | |  3.0
Shields        | |  3.0

Action                   || total
-------------------------++-------
Melee: Flail             ||    69
       Constrict         ||    12
       Tentacles         ||     8
       Punch             ||     1
 Stab: Sleeping          ||     5
Armor: Skin              ||     4
Dodge: Dodged            ||    48
Block: Buckler           ||    18
